 Dungeon Crawl Stone Soup version 0.23.2-11-gf996548c65 (webtiles) character file.

Game seed: 384367720729868384

3895 Nattfarinn the Grappler (level 10, -2/102 HPs)
             Began as a Troll Fighter on June 5, 2019.
             Slain by a slime creature (9 damage)
             ... on level 8 of the Dungeon.
             The game lasted 00:11:18 (5977 turns).

Nattfarinn the Grappler (Troll Fighter)             Turns: 5977, Time: 00:11:19

Health: -2/102     AC:  9    Str: 31    XL:     10   Next: 0%
Magic:  9/9        EV:  8    Int:  4    God:
Gold:   331        SH:  9    Dex: 12    Spells: 9/9 levels left

rFire    . . .     SeeInvis .     - Unarmed
rCold    . . .     Gourm    +   b - +0 shield
rNeg     . . .     Faith    +   a - +0 robe
rPois    .         Spirit   .   (helmet restricted)
rElec    .         Reflect  .   (no cloak)
rCorr    .         Harm     .   (gloves unavailable)
MR       +....                  (boots unavailable)
Stlth    +.........             C - amulet of faith
HPRegen  0.67/turn              r - ring of protection from magic
MPRegen  0.11/turn              M - +3 ring of protection

@: mighty
A: large, unfitting armour, claws 3, fast metabolism 3, gourmand, regeneration
1, shaggy fur 1, tough skin 3
a: no special abilities


You were on level 8 of the Dungeon.
You were very full.

You visited 2 branches of the dungeon, and saw 9 of its levels.
You also visited: Ossuary.

You collected 331 gold pieces.

Inventory:

Armour
 a - a +0 robe (worn)
 b - a +0 shield (worn)
Jewellery
 r - a ring of protection from magic (left claw)
 C - an amulet of faith (around neck)
 G - an uncursed ring of flight
 J - an uncursed ring of protection from fire
 K - a +3 ring of evasion
 M - a +3 ring of protection (right claw)
Wands
 q - a wand of flame (7)
 E - a wand of paralysis (16)
 H - a wand of polymorph (10)
 I - a wand of acid (8)
Scrolls
 e - 6 scrolls of enchant armour {unknown}
 f - 3 scrolls of remove curse
 i - 7 scrolls of identify
 p - a scroll of magic mapping {unknown}
 s - a scroll of enchant weapon {unknown}
 u - 3 scrolls of fog {unknown}
 v - 2 scrolls of immolation {unknown}
 y - a scroll of torment {unknown}
 z - 5 scrolls of teleportation {unknown}
 A - a scroll of random uselessness {unknown}
 D - 4 scrolls of amnesia {unknown}
 L - a scroll of blinking {unknown}
Potions
 g - 2 potions of brilliance {unknown}
 h - 2 potions of berserk rage {unknown}
 j - 2 potions of ambrosia {unknown}
 l - 5 potions of curing {unknown}
 m - a potion of mutation {unknown}
 n - 3 potions of flight {unknown}
 o - a potion of lignification {unknown}
 t - 5 potions of degeneration {unknown}
 w - a potion of haste {unknown}
 x - 2 potions of magic {unknown}
 B - 4 potions of agility {unknown}
Comestibles
 d - 15 rations
 F - 3 chunks of flesh


   Skills:
 + Level 7.4 Fighting
 - Level 2.4 Dodging
 - Level 2.4 Shields
 * Level 11.7 Unarmed Combat


You had 9 spell levels left.
You didn't know any spells.
Your spell library contained the following spells:

 Spells                   Type           Power        Failure   Level  Hunger
 Animate Skeleton         Necr           N/A          93%         1    ##.....
 Apportation              Tloc           #.....       93%         1    ##.....
 Confusing Touch          Hex            #.....       93%         1    ##.....
 Summon Small Mammal      Summ           #...         93%         1    ##.....


Dungeon Overview and Level Annotations

Branches:
Dungeon (8/15)             Temple (1/1) D:7
   Lair: D:8-11

Altars:
Ashenzari
Cheibriados
Dithmenos
Fedhas
Gozag
Kikubaaqudgha
Nemelex Xobeh
Qazlal
Ru
Sif Muna
Trog
Uskayaw
Vehumet
Wu Jian
Xom
Yredelemnul
Zin
The Shining One


Innate Abilities, Weirdness & Mutations

You are too large for most types of armour.
You have claws for hands.
Your metabolism is lightning-fast.
You like to eat raw meat.
Your natural rate of healing is unusually fast.
You are covered in fur. (AC +1)
You have extremely tough skin. (AC +3)


Message History

The slime creature is severely wounded.
The slime creature hits you!
You mangle the slime creature!!
You kill the slime creature!
You have reached level 10!
The slime creature closely misses you.
You barely miss the slime creature.
The slime creature is lightly wounded.
The slime creature hits you!!
* * * LOW HITPOINT WARNING * * *
You scratch the slime creature.
The slime creature is moderately wounded.
The slime creature hits you!
* * * LOW HITPOINT WARNING * * *
Okay, then.
You feel much better. You block the slime creature's attack.
The slime creature hits you!
* * * LOW HITPOINT WARNING * * *
The slime creature hits you!
You die...

####### #########.....#
#.......#.....#
#........).P..#########
#....).....P.........
#...@.J)##.##.####.##
#...J.#[##.##.####.#
#.....#)###.##....#....#
#.#####.....#######.####
###.##### #.# #....#
#.##### #....# #.....#
#.<..# #####.# #....#
#.#


You could see 2 slime creatures.

Vanquished Creatures
  2 slime creatures (D:8)
  A hippogriff (D:8)
  Duvessa (D:5)
  An orc warrior (D:8)
  An ice beast (D:6)
  A sky beast (D:7)
  2 phantoms
  2 necrophages (D:8)
  3 centaurs
  4 ogres
  A big kobold (D:7)
  2 bullfrogs
  2 water moccasin zombies (Ossuary)
  A scorpion (D:7)
  Dowan (D:5)
  5 wights (D:6)
  2 howler monkeys (D:7)
  2 crimson imps
  A bullfrog zombie (D:8)
  A quasit (D:6)
  4 hounds
  2 bullfrog skeletons
  2 orc priests (D:8)
  4 centaur skeletons
  Natasha (thrice) (D:2)
  2 iguanas
  3 orc wizards
  9 worker ants
  A big kobold zombie (Ossuary)
  A hound zombie (D:8)
  A hound skeleton (D:5)
  3 mummies
  A howler monkey zombie (D:8)
  A worker ant zombie (D:7)
  Robin (D:2)
  4 gnolls (D:4)
  12 adders
  3 shadow imps
  An ooze (D:4)
  7 adder zombies
  A worm (D:5)
  5 leopard geckos
  15 orcs
  3 ball pythons
  5 bats
  2 giant cockroaches
  7 gnoll zombies (Ossuary)
  15 goblins
  4 hobgoblins
  7 jackals
  3 quokkas
  2 frilled lizards (D:4)
  2 goblin zombies (D:4)
  5 hobgoblin zombies (Ossuary)
  A jackal skeleton (D:6)
  23 kobolds
  8 kobold zombies (Ossuary)
  2 leopard gecko zombies (D:5)
  7 orc zombies (Ossuary)
  A quokka skeleton (D:4)
  2 quokka zombies (D:8)
221 creatures vanquished.

Notes
Turn   | Place    | Note
-------+----------+-------------------------------------------
     0 | D:1      | Nattfarinn the Troll Fighter began the quest for the Orb.
     0 | D:1      | Reached XP level 1. HP: 22/22 MP: 0/0
   199 | D:1      | Reached XP level 2. HP: 22/29 MP: 1/1
   453 | D:2      | Reached skill level 3 in Unarmed Combat
   453 | D:2      | Reached XP level 3. HP: 32/36 MP: 2/2
   469 | D:2      | Noticed Natasha
   474 | D:2      | Killed Natasha
   474 | D:2      | Reached XP level 4. HP: 41/45 MP: 3/3
   496 | D:2      | Noticed Natasha
   512 | D:2      | Killed Natasha
   512 | D:2      | Reached skill level 4 in Unarmed Combat
   586 | D:2      | Noticed an angel
   590 | D:2      | Found a glowing silver altar of Zin.
   617 | D:2      | Identified the +1 helmet of Ruriukaruf {Dex+4}
   617 | D:2      | Noticed Robin
   630 | D:2      | Killed Robin
   741 | D:2      | Reached XP level 5. HP: 53/53 MP: 4/4
   918 | D:2      | Noticed Natasha
   928 | D:2      | Killed Natasha
  1639 | D:4      | Reached skill level 5 in Unarmed Combat
  1678 | D:4      | Found a sand-covered staircase.
  1680 | D:4      | Reached XP level 6. HP: 55/62 MP: 5/5
  1684 | Ossuary  | Entered an ossuary
  1823 | Ossuary  | Reached skill level 6 in Unarmed Combat
  1899 | D:4      | Reached XP level 7. HP: 53/71 MP: 6/6
  2340 | D:4      | Reached skill level 7 in Unarmed Combat
  2438 | D:4      | Found an ancient bone altar of Kikubaaqudgha.
  2651 | D:4      | Found a shadowy altar of Dithmenos.
  3115 | D:5      | Entered Level 5 of the Dungeon
  3178 | D:5      | Noticed Dowan
  3179 | D:5      | Noticed Duvessa
  3186 | D:5      | Killed Dowan
  3196 | D:5      | Killed Duvessa
  3196 | D:5      | Reached skill level 5 in Fighting
  3318 | D:5      | Reached XP level 8. HP: 78/80 MP: 7/7
  3402 | D:5      | Found an opulent altar of Gozag.
  3462 | D:5      | Reached skill level 8 in Unarmed Combat
  3680 | D:5      | Found an ornate altar of the Wu Jian Council.
  3971 | D:6      | Reached skill level 9 in Unarmed Combat
  4425 | D:6      | Reached XP level 9. HP: 49/89 MP: 8/8
  4530 | D:6      | Found a glowing golden altar of the Shining One.
  4534 | D:6      | Reached skill level 10 in Unarmed Combat
  4804 | D:7      | Found a staircase to the Ecumenical Temple.
  4875 | Temple   | Entered the Ecumenical Temple
  5727 | D:8      | Reached skill level 11 in Unarmed Combat
  5973 | D:8      | Reached XP level 10. HP: 33/102 MP: 9/9
  5977 | D:8      | Slain by a slime creature

Skill      XL: |  1  2  3  4  5  6  7  8  9 |
---------------+----------------------------+-----
Unarmed Combat | 3 4 5 6 7 9 11 | 11.7
Fighting       | 3 4 5 6 7 |  7.4
Dodging        | |  2.4
Shields        | |  2.4

Action                   |  1- 3 |  4- 6 |  7- 9 | 10-12 || total
-------------------------+-------+-------+-------+-------++-------
Melee: Unarmed           |    36 |   204 |   380 |     2 ||   622
  Use: Scroll            |       |       |     3 |       ||     3
       Potion            |       |       |     4 |     1 ||     5
  Eat: Chunk             |    10 |    10 |    40 |       ||    60
Armor: Robe              |    13 |    58 |   117 |       ||   188
Dodge: Dodged            |    17 |    60 |   130 |     1 ||   208
Block: Shield            |    18 |    91 |   167 |     1 ||   277
